AoeStats
← ayon

MegaRandom

505980490Analyzed
4v4 RM · 22d ago on Sep 11, 2026· 49m 51s· 8 players
Game mode
Random Map
Map size
Large (8 player)
Population
200
Speed
Normal
Resources
Standard
Victory
Conquest
Starting age
Dark Age
Ending age
Imperial Age
RankedLock teamsTeams togetherTeam positionsShared explorationLock speedFull tech treeHidden civsTurbo modeCheats
Victory
Defeat
🇩🇪 Mongols · Germany
1000
+16
🇩🇪 Franks · Germany
968
+17
🇲🇽 Turks · Mexico
929
+19
🇮🇩 Portuguese · Indonesia
919
+19
🇹🇷 Lithuanians · Türkiye
1055
-20
🇹🇷 Khitans · Türkiye
1024
-19
🇹🇷 Saracens · Türkiye
979
-17
🇹🇷 Spanish · Türkiye
924
-15
Josey Wales
10:16 Feudal Age
10:49 Double-Bit Axe
11:39 Horse Collar
17:13 Wheelbarrow
19:48 Castle Age
20:59 Bow Saw
22:14 Fishing Lines
25:19 Heavy Plow
25:29 Gold Mining
26:16 Stone Mining
27:02 Gold Shaft Mining
29:58 Fletching
31:21 Padded Archer Armor
31:16 Bodkin Arrow
32:24 Stone Shaft Mining
32:10 Leather Archer Armor
32:05 Forging
31:56 Scale Mail Armor
32:05 Elite Skirmisher
32:51 Thumb Ring
34:43 Ballistics
36:09 Chain Mail Armor
36:29 Iron Casting
36:00 Scale Barding Armor
39:28 Imperial Age
39:18 Chain Barding Armor
39:41 Loom
40:11 Hand Cart
39:42 Town Watch
39:30 Elite Mangudai
39:35 Onager
41:37 Chemistry
40:09 Elite Mangudai
41:20 Drill
41:21 Conscription
41:02 Nomads
42:35 Hoardings
43:06 Bracer
43:13 Siege Engineers
45:38 Plate Mail Armor
46:08 Blast Furnace
45:54 Siege Onager
47:09 Caravan
48:13 Murder Holes
48:29 Fortified Wall
TA388959
6:04 Loom
12:07 Feudal Age
12:50 Double-Bit Axe
20:31 Castle Age
19:08 Scale Barding Armor
20:38 Forging
20:28 Gold Mining
21:45 Husbandry
26:20 Fletching
27:17 Chain Barding Armor
29:47 Wheelbarrow
31:40 Bow Saw
36:13 Imperial Age
34:29 Gold Shaft Mining
34:49 Bodkin Arrow
36:17 Cavalier
37:38 Plate Barding Armor
37:39 Iron Casting
37:54 Paladin
42:38 Blast Furnace
45:00 Caravan
46:30 Chemistry
ayon
1:30 Loom
13:07 Feudal Age
19:09 Castle Age
21:04 Gold Mining
21:03 Double-Bit Axe
25:53 Husbandry
31:25 Imperial Age
30:35 Stone Mining
31:22 Wheelbarrow
30:33 Town Watch
31:41 Pikeman
35:43 Stone Shaft Mining
37:20 Bow Saw
38:23 Scale Mail Armor
38:34 Forging
38:30 Scale Barding Armor
42:38 Chemistry
41:51 Masonry
41:35 Heated Shot
42:53 Siege Engineers
43:10 Ballistics
44:18 Chain Mail Armor
44:40 Iron Casting
45:48 Arquebus
46:02 Masonry
48:54 Architecture
El Tlatoani
3:06 Loom
11:57 Feudal Age
18:32 Castle Age
19:37 Double-Bit Axe
20:38 Bow Saw
26:24 Fishing Lines
28:38 Thumb Ring
33:48 Imperial Age
31:54 Wheelbarrow
32:54 Hand Cart
33:52 Bloodlines
33:42 Husbandry
37:16 Ballistics
48:59 Conscription
48:39 Artillery
Efyix
11:50 Feudal Age
12:51 Double-Bit Axe
17:46 Castle Age
17:36 Fishing Lines
17:49 Horse Collar
19:35 Stone Mining
21:01 Stone Shaft Mining
20:19 Gold Mining
21:38 Gillnets
22:04 Bow Saw
22:17 Padded Archer Armor
23:23 Heavy Plow
23:33 Loom
24:24 Wheelbarrow
25:02 Leather Archer Armor
28:10 Hand Cart
29:50 Ballistics
31:50 Town Watch
48:59 Imperial Age
Deltamale
10:35 Feudal Age
11:39 Loom
15:57 Castle Age
14:11 Double-Bit Axe
25:49 Domestication
26:43 Husbandry
29:27 Imperial Age
28:14 Bow Saw
28:57 Forging
30:25 Wheelbarrow
32:22 Iron Casting
32:45 Scale Barding Armor
36:00 Pastoralism
36:42 Ordo Cavalry
37:19 Conscription
37:58 Chain Barding Armor
44:46 Elite Steppe Lancer
46:49 Plate Barding Armor
α
8:00 Loom
10:18 Feudal Age
11:22 Double-Bit Axe
15:52 Forging
24:04 Castle Age
24:03 Scale Barding Armor
24:41 Bloodlines
25:18 Chain Barding Armor
25:51 Iron Casting
29:36 Wheelbarrow
32:22 Gold Mining
32:50 Hand Cart
36:45 Imperial Age
35:36 Husbandry
36:52 Cavalier
39:15 Plate Barding Armor
44:28 Bow Saw
45:29 Town Watch
46:37 Paladin
Haseki Hürrem Sultan
11:56 Feudal Age
13:41 Loom
16:17 Castle Age
14:24 Double-Bit Axe
17:56 Horse Collar
20:04 Stone Mining
20:37 Heavy Plow
21:11 Fishing Lines
22:43 Gillnets
23:56 Bow Saw
29:39 Scale Barding Armor
29:44 Forging
31:48 Chain Barding Armor
31:38 Forging
32:57 Gold Mining
34:02 Iron Casting
34:53 Gold Shaft Mining
37:53 Wheelbarrow
44:32 Imperial Age
42:18 Hand Cart
43:49 Bloodlines
43:39 Husbandry
45:13 Ballistics
44:44 Elite Mameluke
45:06 Capped Ram
47:03 Caravan
Connection lost

Rejoining the realm…

Still unreachable

The connection could not be restored.

Session expired

The server has moved on; the page needs a fresh start.